 Dungeon Crawl Stone Soup version 0.26-a0-752-gcff87cac9a (webtiles) character file.

Game seed: 16963381662564933804

843621 mhtbhm the Axe Maniac (level 27, -7/179 HPs)
             Began as a Gargoyle Berserker on Nov 5, 2020.
             Was the Champion of Trog.
             Killed by a greater mummy's death curse (29 damage)
             ... on level 1 of the Tomb of the Ancients on Nov 6, 2020.
             The game lasted 03:07:30 (81977 turns).

mhtbhm the Axe Maniac (Gargoyle Berserker)         Turns: 81977, Time: 03:07:32

Health: -7/179     AC: 71    Str: 49    XL:     27
Magic:  12/20      EV: 19    Int:  9    God:    Trog [******]
Gold:   10128      SH:  0    Dex:  9    Spells: 26/26 levels left

rFire    + + .     SeeInvis +   i - +9 great sword (holy)
rCold    + + .     Faith    .   (shield currently unavailable)
rNeg     + + .     Spirit   .   b - +9 plate armour "Koryisur" {rElec rC+ Str+7}
rPois    ∞         Reflect  .   B - +0 mask of the Dragon {MR+ Slay+3 SInv}
rElec    +         Harm     .   Z - +0 cloak {rC+}
rCorr    .         Rampage  .   m - +4 pair of gloves "Idyapp" {rN+ Str+3}
MR       +++++                  N - +1 pair of boots
Stlth    ..........             c - amulet "Byamm" {*Slow rF+ MR++ Regen+ Stlth+}
HPRegen  1.79/turn              A - +4 ring of protection
MPRegen  0.17/turn              H - ring of the Shining Light {rF+ EV+4 Str+4}

@: flying, regenerating
A: big wings, talons 1, slimy green scales 1, thin metallic scales 1, dopey 1,
frail 1, low mp 1, negative energy resistance 1, electricity resistance, strong
2, unbreathing, petrification resistance, rot immunity, AC +20
}: 5/15 runes: decaying, barnacled, silver, icy, abyssal
a: Stop Flying, Berserk, Trog's Hand, Brothers in Arms, Renounce Religion


You were on level 1 of the Tomb of the Ancients.
You worshipped Trog.
Trog was exalted by your worship.
You visited 14 branches of the dungeon, and saw 68 of its levels.
You visited the Abyss 2 times.
You visited 1 bazaar.
You also visited: Sewer and Ice Cave.

You collected 10770 gold pieces.
You spent 642 gold pieces at shops.

Inventory:

Hand Weapons
 i - a +9 great sword of holy wrath (weapon)
 J - a +9 vampiric executioner's axe
 L - a +9 vampiric broad axe
Armour
 b - the +9 plate armour "Koryisur" (worn) {rElec rC+ Str+7}
   (You acquired it on level 1 of the Depths)

   It affects your strength (+7).
   It protects you from cold.
   It insulates you from electricity.
 m - the +4 pair of gloves "Idyapp" (worn) {rN+ Str+3}
   (You acquired it on level 3 of the Vaults)

   It affects your strength (+3).
   It protects you from negative energy.
 w - a +8 tower shield of reflection
 B - the +0 mask of the Dragon (worn) {MR+ Slay+3 SInv}
   (You found it on level 3 of the Swamp)

   It affects your accuracy and damage with ranged weapons and melee attacks
   (+3).
   It affects your resistance to hostile enchantments.
   It lets you see invisible.
 N - a +1 pair of boots (worn)
 W - the +2 pair of gloves of Dyspraxia {Str+7 Slay+4 Stlth-}
   (You bought it in a shop on level 1 of the Shoals)

   It affects your strength (+7).
   It affects your accuracy and damage with ranged weapons and melee attacks
   (+4).
   It makes you less stealthy.
 Z - a +0 cloak of cold resistance (worn)
Jewellery
 c - the amulet "Byamm" (around neck) {*Slow rF+ MR++ Regen+ Stlth+}
   (You acquired it on level 3 of the Vaults)

   [amulet of regeneration]

   It protects you from fire.
   It affects your resistance to hostile enchantments.
   It increases your rate of regeneration.
   It may slow you when you take damage.
   It makes you more stealthy.
 A - a +4 ring of protection (left hand)
 E - the ring of Daffodils {Fire rN+ MR- Str+9 Dex+2}
   (You found it on level 3 of the Elven Halls)

   [ring of fire]

   It enhances your fire magic.
   It affects your strength (+9).
   It affects your dexterity (+2).
   It protects you from fire.
   It makes you vulnerable to cold.
   It protects you from negative energy.
   It affects your resistance to hostile enchantments.
 H - the ring of the Shining Light (right hand) {rF+ EV+4 Str+4}
   (You found it on level 3 of the Elven Halls)

   [ring of evasion]

   It affects your evasion (+4).
   It affects your strength (+4).
   It protects you from fire.
Wands
 r - a wand of digging (26)
 D - a wand of disintegration (71)
 G - a wand of polymorph (4)
 O - a wand of paralysis (65)
 T - a wand of flame (20)
 X - a wand of iceblast (30)
 Y - a wand of acid (57)
Scrolls
 a - 6 scrolls of immolation
 d - 6 scrolls of enchant weapon
 e - 30 scrolls of remove curse
 g - 25 scrolls of teleportation
 n - 9 scrolls of fog
 p - 4 scrolls of silence
 q - 5 scrolls of blinking
 v - a scroll of brand weapon
 y - 4 scrolls of magic mapping
 z - 20 scrolls of identify
 C - a scroll of summoning
 M - 8 scrolls of enchant armour
 Q - 3 scrolls of fear
 S - a scroll of holy word
Potions
 f - 15 potions of curing
 j - 3 potions of berserk rage
 l - 7 potions of attraction
 o - 8 potions of might
 s - 7 potions of haste
 t - 9 potions of cancellation
 x - 2 potions of magic
 F - 3 potions of invisibility
 I - a potion of ambrosia
 R - 2 potions of resistance
 V - a potion of mutation
Miscellaneous
 h - a lightning rod (4/4)
 k - a tin of tremorstones (inert)
 u - the horn of Geryon
 K - a condenser vane


   Skills:
 O Level 27 Fighting
 - Level 21.9 Long Blades
 O Level 27 Axes
   Level 12.1(22.3) Maces & Flails
 O Level 27 Armour
 + Level 10.6 Dodging
 - Level 5.2 Stealth
 + Level 10.1 Shields
 - Level 1.9 Unarmed Combat
 - Level 2.2 Evocations


You had 26 spell levels left.
You didn't know any spells.
Your spell library was empty.

Dungeon Overview and Level Annotations

Branches:
Dungeon (15/15)            Temple (0/1) D:5            Lair (6/6) D:10
  Swamp (4/4) Lair:3       Shoals (4/4) Lair:2        Slime (0/5) Lair:5
    Orc (2/2) D:9             Elf (3/3) Orc:2        Vaults (5/5) D:13
  Crypt (3/3) Vaults:2       Tomb (2/3) Crypt:3      Depths (5/5) D:15
   Hell (visited)             Dis (0/7) Hell            Geh (0/7) Hell
    Coc (7/7) Hell            Tar (7/7) Hell            Zot (5/5) Depths:5
  Sewer (visited)           IceCv (visited)
  Snake: Lair:2-4    Spider: Lair:2-4

Altars:
Ashenzari
Cheibriados
Dithmenos
Elyvilon
Gozag
Makhleb
Nemelex Xobeh
Okawaru
Qazlal
Ru
Sif Muna
Uskayaw
Wu Jian
Xom
Zin
The Shining One
Beogh

Shops:
D:15 ?   Orc:2 :=}}   Elf:1 }}=   Elf:2 [*   Shoals:1 [   Vaults:4 (

Portals:
Hell: Lair:6 Depths:1 Depths:2 Depths:3 Depths:4 Depths:5
Abyss: Depths:3 Depths:4
Pandemonium: Depths:3 Depths:5
Ziggurat: Depths:5


Innate Abilities, Weirdness & Mutations

You are resistant to torment.
Your stone body is resilient. (AC +20)
You are immune to poison.
Your large and strong wings let you fly indefinitely.
You resist negative energy. (rN+)
You are resistant to electric shocks. (rElec)
You can survive without breathing.
You are immune to petrification.
You are immune to rotting.
You have sharp toenails.
You are partially covered in slimy green scales. (AC +2)
You are partially covered in thin metallic scales. (AC +2)
You are dopey. (Int -2)
You are frail. (-10% HP)
Your magical capacity is low. (-10% MP)
Your muscles are very strong. (Str +4)


Message History

The greater mummy is severely damaged.
You slice the greater mummy!!
The greater mummy convulses!!
The greater mummy is almost destroyed.
The greater mummy completely misses you.
You barely miss the greater mummy.
The greater mummy is almost destroyed.
The greater mummy hits you!
* * * LOW HITPOINT WARNING * * *
Unknown command.
You hit the greater mummy.
The greater mummy convulses!
The greater mummy is almost destroyed.
The greater mummy hits you but does no damage.
You slash the greater mummy!
The greater mummy convulses.
You destroy the greater mummy!
Trog accepts your kill.
Trog appreciates your killing of a magic user.
You feel your dexterity returning.
You feel extremely nervous for a moment...
Pain shoots through your body!!
You die...

#.......##################.......
#.8...8.#****************#.......
#.......#*,,^,,,,,,,,,^,*#.......
#.......#*,,,,,,,^,,,,,,*#.......
#.8...8.#*,^######****,^*#.......
#.......#*,,#§§.M,,,>*^,*#.......
#.......#*,,#.s§,,,,,*,,*#.......
#.8...8.#*,,#(§####,,*,,*#.......
#.......#*,,#§§#@.#,,*,,*#.......
#.......#*,,#....##,,*,,*#.......
#.8...8.#*,,######*,,*,,*#.......
#.......#*,,,,,,,^,,,*,^*#.......
##'''''##*,,,,,,,,,,,*,,*#.......
#.......##############,,*#.......
..........#.....#....#,,*#.......
..........#.....#....#,,*#.......
.8.....8..#..#..#^...#,,*#...)...


There were no monsters in sight!

Vanquished Creatures
  Antaeus (Coc:7)
  the Serpent of Hell (Coc:7)
  5 ancient liches
  5 orbs of fire
  Mennas (Crypt:2)
  12 greater mummies (Tomb:1)
  Sojobo (Vaults:3)
  11 shard shrikes
  Saint Roka (Vaults:5)
  4 Killer Klowns (Zot:5)
  Xtahua (Vaults:3)
  Boris (thrice) (Vaults:4 Depths:5 Crypt:2)
  3 curse toes
  3 caustic shrikes (Depths:4)
  Frederick (Vaults:4)
  Geryon (Hell)
  9 golden dragons
  Nikola (Depths:1)
  4 bone dragons
  Jory (Crypt:2)
  6 doom hounds
  6 Tzitzimimeh
  An electric golem (Zot:5)
  Rupert (D:12)
  8 liches
  16 tentacled monstrosities
  24 Ice Fiends
  5 titans
  25 Orb Guardians (Zot:5)
  Murray (Hell)
  8 quicksilver dragons
  The ghost of jasper the Sharpshooter, an adept KoHu of Okawaru (Swamp:3)
  3 deep elf blademasters
  A deep elf master archer (Elf:3)
  2 krakens
  Gastronok (D:12)
  22 shadow dragons
  3 ancient champions
  14 storm dragons
  10 sphinxes
  3 thorn hunters
  12 tengu reavers
  6 death cobs
  3 revenants
  10 fire giants
  2 draconian monks (Zot:5)
  An iron dragon (shapeshifter) (Depths:2)
  2 iron dragons (Depths:4)
  The ghost of Glennnyy the Warrior, an adept GrFi of Fedhas (Shoals:1)
  2 draconian knights
  5 deep elf sorcerers
  12 frost giants
  16 vault wardens
  2 draconian shifters
  Louise (D:14)
  2 curse skulls
  2 ghost moths
  2 draconian scorchers
  An orc warlord (Vaults:5)
  3 spriggan defenders
  A balrug (Hell)
  8 deep elf elementalists
  3 ghouls (Crypt:1)
  21 reapers
  28 very ugly things
  3 draconian stormcallers
  A war gargoyle (Hell)
  15 ironheart preservers
  5 elemental wellsprings
  6 draconian annihilators
  16 stone giants
  An entropy weaver (Vaults:4)
  11 vampire knights
  3 lorocyprocas
  12 black draconians
  6 deep elf demonologists
  7 green draconians
  6 bunyips
  4 red draconians
  3 yellow draconians
  2 bennus (Tomb:1)
  10 white draconians
  4 spark wasps
  12 deep elf annihilators
  6 eidola
  2 crystal guardians (Depths:2)
  12 purple draconians
  3 mummy priests (Tomb:1)
  11 jiangshi
  A merfolk javelineer (Shoals:1)
  16 ettins
  11 fire dragons
  11 blizzard demons
  9 eleionomae
  The ghost of Jeban the Spear-Bearer, a journeyman OpFi of Gozag (Lair:5)
  13 deep elf death magi
  13 yaktaur captains
  10 merfolk impalers
  2 kraken zombies
  11 large abominations
  3 quicksilver dragon zombies
  Erolcha (D:10)
  8 rakshasas
  A great orb of eyes (shapeshifter) (Depths:2)
  10 great orbs of eyes
  An ice dragon (shapeshifter) (Depths:3)
  9 deep elf high priests
  A shambling mangrove (Swamp:4)
  Josephine (D:15)
  A boulder beetle (shapeshifter) (Vaults:5)
  30 ice dragons
  34 vault guards
  A monstrous demonspawn (Depths:3)
  3 quicksilver dragon skeletons
  7 boulder beetles
  3 ghost crabs
  11 spriggan air magi
  29 hydras
  2 juggernaut simulacra (Depths:2)
  4 catoblepae
  4 death knights
  7 alligators
  17 deep troll shamans
  2 merfolk avatars
  An alligator snapping turtle (Shoals:4)
  A fenstrider witch skeleton (Crypt:1)
  6 merfolk aquamancers
  A satyr (Shoals:4)
  5 centaur warriors
  A queen ant (shapeshifter) (Depths:2)
  13 ogre magi
  54 two-headed ogres
  4 tengu warriors
  2 death scarabs (Tomb:2)
  6 death yaks (Lair:6)
  36 dancing weapons
  A shock serpent (Depths:2)
  4 storm dragon zombies
  3 orc high priests
  4 hell hogs (Hell)
  3 shock serpents (shapeshifter)
  10 vampire magi
  9 deep troll earth magi
  5 goliath frogs
  11 spriggan berserkers
  12 thrashing horrors
  4 sun demons (Hell)
  Nergalle (D:10)
  20 deep elf knights
  15 soul eaters
  19 hell knights
  7 iron trolls
  A wretched star (Abyss:5)
  4 titan zombies
  An iron golem (Hell)
  4 titan skeletons
  2 golden dragon zombies
  A storm dragon skeleton (Coc:4)
  A spatial maelstrom (Abyss:5)
  A ghost moth zombie (Coc:6)
  9 shadow wraiths
  A spriggan druid (Swamp:1)
  A salamander mystic (Depths:5)
  82 skeletal warriors
  13 anaconda zombies
  44 deep trolls
  9 shadow demons
  7 flayed ghosts
  2 orange crystal statues (Abyss:5)
  8 wizards
  11 sea snakes
  2 sixfirhies
  5 bog bodies
  12 deep elf archers
  3 glowing orange brains
  3 unseen horrors
  14 swamp dragons
  12 ironbrand convokers
  19 orc knights
  13 necromancers
  2 golden dragon skeletons
  5 shadow dragon zombies
  18 phantasmal warriors
  53 deep elf magi
  4 wolf spider zombies
  6 anaconda skeletons
  A lindwurm (Lair:5)
  Pikel (D:4)
  4 shadow dragon skeletons
  33 ugly things
  6 orc sorcerers
  A worldbinder (Abyss:5)
  29 harpies
  10 fire giant zombies
  2 frost giant zombies
  6 wolf spiders
  5 cyclopes
  24 manticores
  A will-o-the-wisp (Swamp:1)
  17 fauns
  2 salamanders (shapeshifter)
  An elephant (shapeshifter) (Vaults:5)
  4 centaur zombies
  3 shock serpent zombies
  2 salamanders (Depths:5)
  4 stone giant zombies
  24 moths of wrath
  14 merfolk sirens
  Joseph (D:8)
  3 ice statues
  A guardian serpent (Depths:3)
  Maurice (D:10)
  11 vault sentinels
  7 fire giant skeletons
  2 frost giant skeletons
  5 stone giant skeletons
  A naga mage (Depths:2)
  A water nymph (shapeshifter) (Depths:2)
  3 iron dragon skeletons
  9 elephants
  2 molten gargoyles (Hell)
  6 water nymphs
  6 rust devils
  3 dire elephant zombies
  5 black mambas
  Psyche (D:8)
  A spectral iron troll (Crypt:3)
  3 smoke demons
  A storm dragon simulacrum (Crypt:2)
  An eye of devastation (shapeshifter) (Depths:3)
  2 gargoyles
  3 orange demons (Lair:6)
  A black draconian zombie (Crypt:3)
  Maggie (D:8)
  4 dire elephant skeletons
  A hellion (Tar:7)
  10 cane toads
  An emperor scorpion zombie (Crypt:3)
  A yaktaur (shapeshifter) (Depths:4)
  38 freezing wraiths
  3 kobold demonologists
  3 komodo dragons
  12 tormentors
  A demonic crawler (Hell)
  A golden dragon simulacrum (Depths:1)
  3 anaconda simulacra
  30 ice devils
  2 spectral deep trolls (Crypt:3)
  5 rime drakes
  A sea snake zombie (Crypt:1)
  4 tengu conjurers
  56 yaktaurs
  3 hellwings
  5 red devils
  A redback zombie (D:15)
  4 harpy zombies
  2 yellow draconian skeletons
  A troll (shapeshifter) (D:15)
  11 guardian mummies (Tomb:1)
  17 merfolk
  An ancient zyme (Abyss:5)
  A wind drake (shapeshifter) (Elf:3)
  4 wind drakes
  A wolf spider simulacrum (Coc:7)
  17 hornets
  A polar bear (shapeshifter) (Depths:3)
  12 trolls
  2 polar bears
  A harpy skeleton (Tar:3)
  19 hydra zombies
  A bloated husk (Swamp:3)
  Grinder (D:5)
  8 tyrant leeches
  A raiju (shapeshifter) (Elf:2)
  28 blink frogs
  5 dream sheep
  A satyr zombie (Crypt:3)
  19 slime creatures
  A snapping turtle (shapeshifter) (Elf:2)
  3 snapping turtles
  7 hydra skeletons
  A meliai zombie (D:14)
  14 alligator zombies
  2 human simulacra
  3 fire dragon zombies
  A fire giant simulacrum (Crypt:3)
  4 ice dragon zombies
  4 ettin zombies
  4 ice dragon skeletons
  A spriggan (shapeshifter) (Vaults:5)
  60 flying skulls
  2 wyverns
  22 wraiths
  An air elemental (Elf:2)
  2 alligator skeletons
  A redback (Vaults:4)
  A dire elephant simulacrum (Hell)
  8 fire dragon skeletons
  18 shadows
  26 yaks
  3 wind drake zombies
  A black mamba zombie (Crypt:3)
  15 starcursed masses
  4 ushabtiu (Tomb:1)
  28 water elementals
  30 vampires (Crypt:3)
  A ynoxinul (Abyss:5)
  14 spriggans
  5 ettin skeletons
  A tarantella (shapeshifter) (Vaults:4)
  9 fire elementals
  2 basilisks (D:15)
  A yak (shapeshifter) (Vaults:3)
  Grum (D:8)
  15 vampire mosquitoes
  2 chaos spawn
  5 neqoxecs (Abyss:5)
  A two-headed ogre zombie (Crypt:3)
  A death yak simulacrum (IceCv)
  17 wargs
  10 swamp worms
  A warg (shapeshifter) (Depths:4)
  A naga (shapeshifter) (Vaults:5)
  3 soldier ants
  2 acid dragons
  4 spatial vortices (Abyss:5)
  16 water moccasins
  18 cane toad zombies
  2 floating eyes (Depths:5)
  14 hell hounds
  3 hydra simulacra
  2 sky beasts
  A faun skeleton (Crypt:3)
  A swamp worm (shapeshifter) (Vaults:5)
  A torturous demonspawn skeleton (Crypt:2)
  10 swamp drakes
  Purgy (Sewer)
  A black bear (shapeshifter) (Depths:1)
  2 cane toad skeletons
  3 ettin simulacra
  20 ice beasts
  4 black bears
  78 orc warriors
  A swamp dragon zombie (Coc:7)
  An ice dragon simulacrum (Crypt:3)
  A manticore zombie (Coc:6)
  4 snapping turtle zombies
  5 boggarts
  4 phantoms
  A centaur (shapeshifter) (Depths:3)
  3 eyes of draining
  28 ogres
  2 snapping turtle skeletons
  3 human zombies
  12 necrophages
  23 wolves
  2 manticore skeletons
  11 centaurs
  5 human skeletons
  A lemure (D:4)
  A swamp dragon skeleton (Hell)
  A big kobold (shapeshifter) (Depths:3)
  6 big kobolds
  2 gnoll sergeants
  9 small abominations
  22 bullfrogs
  A draconian skeleton (Crypt:1)
  3 earth elementals
  5 scorpions
  A queen bee zombie (Crypt:1)
  A troll zombie (Coc:6)
  A raiju zombie (Crypt:1)
  A yak zombie (Crypt:3)
  A warg skeleton (Crypt:2)
  23 killer bees
  2 spriggan skeletons
  4 electric eels
  37 wights
  5 howler monkeys
  2 crimson imps
  A bullfrog zombie (D:9)
  A quasit (D:10)
  3 draconian simulacra (IceCv)
  A gnoll shaman (D:4)
  3 bullfrog skeletons (D:4)
  6 centaur skeletons
  5 hounds
  25 orc priests
  A basilisk skeleton (Crypt:1)
  8 jellies
  26 orc wizards
  2 iron imps (Hell)
  8 iguanas
  A black bear skeleton (Crypt:2)
  13 worker ants
  5 hell rats
  A killer bee zombie (Crypt:1)
  2 polar bear simulacra (IceCv)
  6 troll simulacra (IceCv)
  An ogre zombie (Coc:2)
  A wolf simulacrum (IceCv)
  3 centaur simulacra (IceCv)
  A hound zombie (D:8)
  An ogre skeleton (Coc:1)
  A hound skeleton (D:10)
  9 mummies
  16 adders
  23 gnolls
  6 ogre simulacra (IceCv)
  2 naga simulacra (IceCv)
  3 river rats (D:5)
  4 shadow imps
  31 white imps
  4 ufetubi
  4 oozes
  2 adder zombies
  2 adder skeletons
  9 worms
  4 dart slugs
  7 leopard geckos
  163 orcs
  6 bats
  A bat skeleton (Crypt:3)
  4 giant cockroaches
  A gnoll zombie (Crypt:2)
  9 goblins
  8 hobgoblins
  16 jackals
  6 quokkas
  A ball python (D:2)
  A ball python zombie (D:5)
  11 frilled lizards
  A gnoll skeleton (Crypt:2)
  A jackal skeleton (D:4)
  32 kobolds
  A quokka skeleton (D:5)
  A quokka zombie (D:8)
  5 rats
  7 briar patches (Swamp:4)
  3 crawling corpses (Elf:3)
  3 starspawn tentacles (Abyss:5)
  4 tentacles
3386 creatures vanquished.

Vanquished Creatures (collateral kills)
  A Killer Klown (Zot:5)
  Jorgrun (D:9)
  A merfolk javelineer (Shoals:4)
  A merfolk impaler (Shoals:4)
  An alligator snapping turtle (Shoals:4)
  2 orc knights (Orc:2)
  2 harpies (Shoals:4)
  2 elephants (Lair:6)
  A torpor snail (Lair:6)
  A cane toad (Lair:6)
  A merfolk (Shoals:4)
  4 dream sheep (Lair:6)
  A warg (Orc:2)
  A water moccasin (Lair:6)
  6 orc warriors
  8 orcs
34 creatures vanquished.

Vanquished Creatures (others)
  A golden dragon (Depths:5)
  A tengu reaver (Vaults:3)
  3 elemental wellsprings
  A goliath frog (Swamp:3)
  2 ironbrand convokers (Vaults:3)
  A will-o-the-wisp (Swamp:4)
  A demonic crawler (Hell)
  A bloated husk (Swamp:4)
  2 flying skulls (Coc:7)
  2 water elementals
  A hydra simulacrum (Hell)
  A swamp drake (Swamp:3)
  An orc warrior (Vaults:5)
  An ogre (Depths:1)
  An orc wizard (Orc:1)
  A hell rat (Hell)
  A white imp (Coc:6)
  An orc (Vaults:5)
  A kobold (D:13)
  5 briar patches
  4 foxfires
  48 fungi
  105 plants
  4 starspawn tentacles (Abyss:5)
  12 tentacles
202 creatures vanquished.

Grand Total: 3622 creatures vanquished

Notes
Turn   | Place    | Note
-------+----------+-------------------------------------------
     0 | D:1      | mhtbhm the Gargoyle Berserker began the quest for the Orb.
     0 | D:1      | Reached XP level 1. HP: 14/14 MP: 1/1
    78 | D:1      | Reached XP level 2. HP: 19/19 MP: 2/2
   433 | D:1      | Reached XP level 3. HP: 13/24 MP: 3/3
  1174 | D:2      | Reached ** piety under Trog
  1242 | D:2      | Reached XP level 4. HP: 21/29 MP: 4/4
  2069 | D:3      | Found a shadowy altar of Dithmenos.
  2116 | D:3      | Reached XP level 5. HP: 18/33 MP: 5/5
  2899 | D:3      | Found a snail-covered altar of Cheibriados.
  2899 | D:3      | Found a stormy altar of Qazlal.
  2901 | D:3      | Found a sparkling altar of Nemelex Xobeh.
  3131 | D:3      | Found a faded altar of an unknown god.
  3141 | D:3      | Reached *** piety under Trog
  3340 | D:4      | Noticed an ogre
  3348 | D:4      | Killed an ogre
  3348 | D:4      | Reached XP level 6. HP: 39/39 MP: 6/6
  3686 | D:4      | Reached skill level 5 in Maces & Flails
  3757 | D:4      | Noticed Pikel
  3807 | D:4      | Killed Pikel
  3807 | D:4      | Reached skill level 1 in Stealth
  3807 | D:4      | Reached XP level 7. HP: 44/44 MP: 7/7
  3867 | D:4      | Reached XP level 8. HP: 44/48 MP: 8/8
  3871 | D:4      | Reached skill level 5 in Fighting
  4426 | D:4      | Found a shimmering blue altar of Sif Muna.
  4599 | D:4      | Reached **** piety under Trog
  4804 | D:5      | Entered Level 5 of the Dungeon
  4804 | D:5      | Found a staircase to the Ecumenical Temple.
  4817 | D:5      | Reached skill level 5 in Armour
  4836 | D:5      | Noticed Grinder
  4842 | D:5      | Found a glowing silver altar of Zin.
  4844 | D:5      | Paralysed by Grinder for 5 turns
  4860 | D:5      | Paralysed by Grinder for 4 turns
  4870 | D:5      | Killed Grinder
  5022 | D:5      | Found a glowing drain.
  5030 | Sewer    | Entered a sewer
  5117 | Sewer    | Noticed Purgy
  5132 | Sewer    | Killed Purgy
  5353 | D:5      | Reached XP level 9. HP: 55/55 MP: 9/9
  5502 | D:5      | Found a shimmering altar of Xom.
  5504 | D:5      | Found a hide-covered altar of Uskayaw.
  5585 | D:6      | Reached skill level 1 in Shields
  5604 | D:6      | Reached ***** piety under Trog
  5876 | D:6      | Received a gift from Trog
  6425 | D:6      | Found a burning altar of Makhleb.
  6428 | D:6      | Found a glowing golden altar of the Shining One.
  6464 | D:6      | Found an iron altar of Okawaru.
  7060 | D:7      | Reached XP level 10. HP: 61/61 MP: 10/10
  7194 | D:7      | Reached skill level 5 in Dodging
  7517 | D:7      | You fall into a shaft and drop 1 floor!
  7531 | D:8      | Reached skill level 10 in Maces & Flails
  7559 | D:8      | Noticed Joseph
  7609 | D:8      | Killed Joseph
  7637 | D:8      | Noticed Grum
  7661 | D:8      | Killed Grum
  7754 | D:8      | Found a broken altar of Ashenzari.
  7802 | D:8      | Noticed Psyche
  7817 | D:8      | Killed Psyche
  8386 | D:8      | Found a white marble altar of Elyvilon.
  8482 | D:8      | Noticed Maggie
  8484 | D:8      | Noticed a two-headed ogre
  8506 | D:8      | Killed Maggie
  8506 | D:8      | Reached XP level 11. HP: 24/67 MP: 11/11
  8511 | D:8      | Killed a two-headed ogre
  8511 | D:8      | Reached skill level 5 in Shields
  9187 | D:9      | Noticed a two-headed ogre
  9195 | D:9      | Killed a two-headed ogre
  9548 | D:9      | Received a gift from Trog
  9549 | D:9      | Found a staircase to the Orcish Mines.
  9549 | D:9      | Identified the +9 battleaxe of Cocytus {protect, Int+3
                  | SInv}
  9708 | Orc:1    | Entered Level 1 of the Orcish Mines
  9708 | Orc:1    | Noticed Jorgrun
  9733 | D:9      | HP: 3/68 [Jorgrun/iron shot (26)]
  9735 | D:9      | Reached skill level 1 in Axes
  9736 | D:9      | Killed Jorgrun
 10059 | D:9      | Noticed a two-headed ogre
 10063 | D:9      | Killed a two-headed ogre
 10082 | Orc:1    | Noticed an orc knight
 10137 | Orc:1    | Reached XP level 12. HP: 74/74 MP: 12/12
 10142 | Orc:1    | Reached skill level 5 in Axes
 10832 | Orc:1    | Noticed an orc high priest
 10845 | Orc:1    | Killed an orc high priest
 11202 | Orc:1    | Noticed an orc high priest
 11213 | Orc:1    | Killed an orc high priest
 11640 | Orc:2    | Entered Level 2 of the Orcish Mines
 11640 | Orc:2    | Found a roughly hewn altar of Beogh.
 11778 | Orc:2    | Found a roughly hewn altar of Beogh.
 11780 | Orc:2    | Received a gift from Trog
 11897 | Orc:2    | Found Luovoc's Gadget Boutique.
 11976 | Orc:2    | Bought a condenser vane (2/2) for 260 gold pieces
 11983 | Orc:2    | Found Unuc's Gadget Emporium.
 12168 | Orc:2    | Reached XP level 13. HP: 80/80 MP: 13/13
 12766 | Orc:2    | Found Weoczer's Jewellery Emporium.
 12766 | Orc:2    | Found Vebaoka's Book Boutique.
 12969 | Orc:2    | Found a staircase to the Elven Halls.
 13067 | Orc:2    | Reached skill level 10 in Axes
 13806 | D:9      | Found a sacrificial altar of Ru.
 14024 | D:10     | Entered Level 10 of the Dungeon
 14025 | D:10     | Noticed Maurice
 14040 | D:10     | Killed Maurice
 14140 | D:10     | Found a staircase to the Lair.
 14207 | D:10     | Noticed Erolcha
 14216 | D:10     | Killed Erolcha
 14523 | D:10     | Reached skill level 10 in Fighting
 14592 | D:10     | Found a roughly hewn altar of Beogh.
 14619 | D:10     | Reached ****** piety under Trog
 14624 | D:10     | Received a gift from Trog
 14954 | D:10     | Noticed Nergalle
 14960 | D:10     | Killed Nergalle
 16119 | Lair:1   | Entered Level 1 of the Lair of Beasts
 16906 | Lair:2   | Gained mutation: Your large and strong wings let you fly
                  | indefinitely. [Gargoyle growth]
 16906 | Lair:2   | Reached XP level 14. HP: 77/88 MP: 14/14
 17297 | Lair:2   | Found a staircase to the Shoals.
 17917 | Lair:3   | Received a gift from Trog
 17919 | Lair:3   | Reached skill level 10 in Armour
 17975 | Lair:3   | Found a frozen archway.
 18025 | IceCv    | Entered an ice cave
 18515 | IceCv    | Found an ancient bone altar of Kikubaaqudgha.
 19240 | Lair:3   | Found a staircase to the Swamp.
 20365 | Lair:4   | You are sucked into a shaft and drop 2 floors!
 20365 | Lair:6   | Entered Level 6 of the Lair of Beasts
 20813 | Lair:6   | Received a gift from Trog
 20826 | Lair:6   | Reached XP level 15. HP: 87/96 MP: 15/15
 22048 | Lair:6   | Found a burning altar of Makhleb.
 22062 | Lair:6   | Found a gateway to Hell.
 22863 | Lair:5   | Found a staircase to the Slime Pits.
 23201 | Lair:5   | Found a runed translucent door.
 23206 | Lair:5   | Noticed Jeban's ghost (journeyman OpFi)
 23223 | Lair:5   | Killed Jeban's ghost
 23342 | Lair:5   | Found an iron altar of Okawaru.
 24783 | D:12     | Found a stormy altar of Qazlal.
 24800 | D:12     | Received a gift from Trog
 24982 | D:12     | Noticed Gastronok
 24994 | D:12     | Killed Gastronok
 25151 | D:12     | Noticed Rupert
 25152 | D:12     | Paralysed by Rupert for 6 turns
 25173 | D:12     | Killed Rupert
 25173 | D:12     | Reached skill level 15 in Axes
 25658 | D:12     | You are sucked into a shaft and drop 1 floor!
 26169 | D:13     | Reached XP level 16. HP: 93/103 MP: 16/16
 26498 | D:13     | Found a gate to the Vaults.
 26513 | D:13     | Received a gift from Trog
 27204 | Shoals:1 | Entered Level 1 of the Shoals
 27204 | Shoals:1 | Found Apigas's Antique Armour Boutique.
 27337 | Shoals:1 | Bought a pair of spiked gloves for 313 gold pieces
 27347 | Shoals:1 | Identified the +2 pair of gloves of Dyspraxia {Str+7 Slay+4
                  | Stlth-} (You bought it in a shop on level 1 of the Shoals)
 27920 | Shoals:1 | Found a runed translucent door.
 27920 | Shoals:1 | Noticed Glennnyy's ghost (adept GrFi)
 28478 | Shoals:1 | Killed Glennnyy's ghost
 28750 | Shoals:2 | Received a gift from Trog
 29136 | Shoals:2 | Noticed a kraken
 29143 | Shoals:2 | Killed a kraken
 31515 | Shoals:3 | Noticed a kraken
 31524 | Shoals:3 | Killed a kraken
 31524 | Shoals:3 | Reached XP level 17. HP: 109/109 MP: 17/17
 31679 | Shoals:3 | Reached skill level 1 in Evocations
 31729 | Shoals:4 | Entered Level 4 of the Shoals
 32043 | Shoals:4 | Got a barnacled rune of Zot
 32262 | Shoals:4 | Identified the +2 scimitar of Utufeu Poaz {vorpal, +Fly
                  | rElec rF+ MP+9}
 32365 | Shoals:4 | Received a gift from Trog
 33601 | Swamp:1  | Entered Level 1 of the Swamp
 34114 | Swamp:1  | Received a gift from Trog
 34563 | Swamp:2  | Reached XP level 18. HP: 97/117 MP: 18/18
 35214 | Swamp:3  | Found a runed translucent door.
 35214 | Swamp:3  | Found a shimmering altar of Xom.
 35214 | Swamp:3  | Found the +0 mask of the Dragon {MR+ Slay+3 SInv}
 35214 | Swamp:3  | Noticed jasper's ghost (adept KoHu)
 35997 | Swamp:3  | Killed jasper's ghost
 35997 | Swamp:3  | Reached skill level 15 in Fighting
 36160 | Swamp:4  | Entered Level 4 of the Swamp
 36636 | Swamp:4  | Received a gift from Trog
 37695 | Swamp:4  | Got a decaying rune of Zot
 38358 | Hell     | Entered the Vestibule of Hell
 38358 | Hell     | Noticed Geryon
 38400 | Hell     | Reached XP level 19. HP: 124/124 MP: 19/19
 38410 | Hell     | Reached skill level 5 in Stealth
 38416 | Hell     | Noticed Murray
 38432 | Hell     | Found a gateway to the freezing wastes of Cocytus.
 39316 | Vaults:1 | Entered Level 1 of the Vaults
 39325 | Vaults:1 | Received a gift from Trog
 41293 | Vaults:2 | Received a gift from Trog
 41978 | Vaults:2 | Found a staircase to the Crypt.
 41990 | Vaults:2 | Paralysed by a vampire knight for 7 turns
 42570 | Vaults:3 | Found a shimmering blue altar of Sif Muna.
 42574 | Vaults:3 | Noticed Sojobo
 42596 | Vaults:3 | Killed Sojobo
 42626 | Vaults:3 | Identified 2 scrolls of acquirement
 42628 | Vaults:3 | Acquired the amulet "Byamm" {*Slow rF+ MR++ Regen+ Stlth+}
 42629 | Vaults:3 | Acquired the +4 pair of gloves "Idyapp" {rN+ Str+3}
 42828 | Vaults:3 | Noticed Xtahua
 42832 | Vaults:3 | Upgraded the game from 0.26-a0-739-gf55cbd344a to
                  | 0.26-a0-752-gcff87cac9a
 42836 | Vaults:3 | Killed Xtahua
 42836 | Vaults:3 | Reached XP level 20. HP: 132/132 MP: 20/20
 42838 | Vaults:3 | Received a gift from Trog
 43866 | Vaults:4 | Found a sparkling altar of Nemelex Xobeh.
 44219 | Vaults:4 | Received a gift from Trog
 44328 | Vaults:4 | Noticed Boris
 44338 | Vaults:4 | Killed Boris
 44345 | Vaults:4 | Reached XP level 21. HP: 140/140 MP: 21/21
 44688 | Vaults:4 | Found Jimikhle's Antique Weapon Shop.
 45024 | Vaults:4 | Noticed Frederick
 45029 | Vaults:4 | Killed Frederick
 45204 | Vaults:5 | Entered Level 5 of the Vaults
 45210 | Vaults:5 | Received a gift from Trog
 45772 | Vaults:5 | Reached skill level 15 in Armour
 45890 | Vaults:5 | Reached XP level 22. HP: 139/148 MP: 22/22
 45990 | Vaults:5 | Received a gift from Trog
 46090 | Vaults:5 | Identified the +11 mace of Weemesiw {freeze, rPois Int+4
                  | Stlth-}
 46110 | Vaults:5 | Identified the +4 ring mail of Broken Taboos {+Fly rF+ MR+}
 46193 | Vaults:5 | Got a spiked chain mail
 46199 | Vaults:5 | Identified the +1 chain mail of Juokuuga {rC+ MR+ Stlth+}
                  | (You found it on level 5 of the Vaults)
 46251 | Vaults:5 | Noticed Saint Roka
 46350 | Vaults:5 | Identified the ring of Otziwaph {Dex+6 Slay+3}
 46487 | Vaults:5 | Noticed a golden dragon
 46497 | Vaults:5 | Killed a golden dragon
 46733 | Vaults:5 | Killed Saint Roka
 46840 | Vaults:5 | Got a silver rune of Zot
 46899 | Vaults:5 | Received a gift from Trog
 47078 | Vaults:5 | Noticed an ancient lich
 47098 | Vaults:5 | Killed an ancient lich
 47133 | Vaults:5 | Reached XP level 23. HP: 151/156 MP: 23/23
 47147 | Vaults:5 | Identified the cursed +0 fustibalus of Alloampybi {venom,
                  | +Inv Str+2 Dex+4}
 47550 | Vaults:5 | Received a gift from Trog
 47803 | Vaults:5 | Identified Zojox's Papyrus of Necromancy and Changing
 48258 | D:14     | Found a flickering gateway to a bazaar.
 48276 | Bazaar   | Entered a bazaar
 48276 | Bazaar   | Found Asaissall's Gadget Shoppe.
 48276 | Bazaar   | Found Ralithruts's Book Shop.
 48291 | Bazaar   | Found Kyrea's General Store.
 48298 | Bazaar   | Found Puequm's Book Boutique.
 48299 | Bazaar   | Bought a scroll of teleportation for 39 gold pieces
 48308 | Bazaar   | Found Quitygho's Weapon Shoppe.
 48994 | D:14     | Noticed Louise
 49002 | D:14     | Killed Louise
 49315 | D:15     | Entered Level 15 of the Dungeon
 49465 | D:15     | Received a gift from Trog
 49541 | D:15     | Found Ygis's Magic Scroll Shoppe.
 49549 | D:15     | Bought a scroll of identify for 30 gold pieces
 49726 | D:15     | Found a staircase to the Depths.
 49818 | D:15     | Noticed Josephine
 49823 | D:15     | Killed Josephine
 50070 | Depths:1 | Entered Level 1 of the Depths
 50217 | Depths:1 | Received a gift from Trog
 50366 | Depths:1 | Acquired the +9 plate armour "Koryisur" {rElec rC+ Str+7}
 50519 | Depths:1 | Got a bloodstained demon blade
 50520 | Depths:1 | Identified the +7 demon blade "Hellblazer" {elec, rPois}
                  | (You found it on level 1 of the Depths)
 50878 | Depths:1 | Noticed Nikola
 50892 | Depths:1 | Killed Nikola
 51145 | Depths:2 | Received a gift from Trog
 51181 | Depths:2 | Reached XP level 24. HP: 164/164 MP: 23/23
 51698 | Depths:2 | Got a pitted tin ring
 52136 | Depths:3 | Found a one-way gate to the infinite horrors of the Abyss.
 52158 | Depths:3 | Received a gift from Trog
 52180 | Depths:3 | Found an ornate altar of the Wu Jian Council.
 52181 | Depths:3 | Found an opulent altar of Gozag.
 52181 | Depths:3 | Found a broken altar of Ashenzari.
 52181 | Depths:3 | Found a shimmering altar of Xom.
 52318 | Depths:3 | You are sucked into a shaft and drop 2 floors!
 52318 | Depths:5 | Entered Level 5 of the Depths
 52383 | Depths:5 | Noticed Boris
 52392 | Depths:5 | Killed Boris
 52565 | Depths:5 | Found a one-way gate leading to the halls of Pandemonium.
 52777 | Depths:5 | Found a gateway to a ziggurat.
 52885 | Depths:5 | Received a gift from Trog
 53085 | Depths:5 | Reached XP level 25. HP: 172/172 MP: 23/23
 53248 | Depths:5 | Found a gate to the Realm of Zot.
 53473 | Zot:1    | Entered Level 1 of the Realm of Zot
 55169 | Zot:3    | Noticed an orb of fire
 55172 | Zot:3    | Gained mutation: You are weak. (Str -2) [an orb of fire]
 55176 | Zot:3    | Gained mutation: You occasionally shout uncontrollably at
                  | your foes. [an orb of fire]
 55179 | Zot:3    | Killed an orb of fire
 55361 | Zot:3    | Received a gift from Trog
 55675 | Zot:3    | Reached XP level 26. HP: 181/181 MP: 7/23
 56599 | Zot:4    | Cast into level 3 of the Abyss (white draconian)
 56689 | Zot:4    | Escaped the Abyss
 56933 | Zot:4    | Received a gift from Trog
 57082 | Zot:4    | Reached skill level 27 in Axes
 57342 | Zot:5    | Entered Level 5 of the Realm of Zot
 57626 | Zot:5    | Noticed an orb of fire
 57629 | Zot:5    | Noticed an orb of fire
 57630 | Zot:5    | Noticed an ancient lich
 57631 | Zot:5    | Noticed an orb of fire
 57631 | Zot:5    | Gained mutation: You tend to lose your temper in combat.
                  | [an orb of fire]
 57632 | Zot:5    | Noticed an orb of fire
 57634 | Zot:5    | Noticed a Killer Klown
 57635 | Zot:5    | Gained mutation: Scrolls take you a little longer to read.
                  | [an orb of fire]
 57635 | Zot:5    | Noticed an ancient lich
 57635 | Zot:5    | Gained mutation: You often lose your temper in combat. [an
                  | orb of fire]
 57637 | Zot:5    | Noticed a Killer Klown
 57637 | Zot:5    | Noticed a Killer Klown
 57640 | Zot:5    | Killed an orb of fire
 57641 | Zot:5    | Gained mutation: You are dopey. (Int -2) [an orb of fire]
 57724 | Zot:5    | Killed an ancient lich
 57756 | Zot:5    | Killed a Killer Klown
 57857 | Zot:5    | Noticed a Killer Klown
 57862 | Zot:5    | Killed a Killer Klown
 58056 | Zot:5    | Gained mutation: Your magical capacity is low. (-10% MP)
                  | [an orb of fire]
 58058 | Zot:5    | Gained mutation: Your body sometimes deteriorates upon
                  | taking damage. [an orb of fire]
 58059 | Zot:5    | Killed an orb of fire
 58059 | Zot:5    | Reached skill level 1 in Unarmed Combat
 58064 | Zot:5    | Noticed a Killer Klown
 58076 | Zot:5    | Killed an orb of fire
 58076 | Zot:5    | Reached skill level 10 in Shields
 58076 | Zot:5    | Reached XP level 27. HP: 118/192 MP: 20/20
 58096 | Zot:5    | Killed an ancient lich
 58472 | Zot:5    | Reached skill level 1 in Long Blades
 58524 | Zot:5    | Received a gift from Trog
 58565 | Zot:5    | Reached skill level 5 in Long Blades
 58764 | Zot:5    | Noticed an ancient lich
 58773 | Zot:5    | Killed an ancient lich
 58911 | Zot:5    | Killed an orb of fire
 59708 | Depths:4 | Identified the ring of Fallacy {Ice Str+2 Dex-3 SInv} (You
                  | found it on level 2 of the Depths)
 59823 | Depths:4 | You are sucked into a shaft and drop 1 floor!
 59885 | Depths:4 | Received a gift from Trog
 60429 | Depths:4 | Lost mutation: You often lose your temper in combat.
                  | [potion of mutation]
 60429 | Depths:4 | Lost mutation: You occasionally shout uncontrollably at
                  | your foes. [potion of mutation]
 60429 | Depths:4 | Lost mutation: Your body sometimes deteriorates upon taking
                  | damage. [potion of mutation]
 60429 | Depths:4 | Gained mutation: You are partially covered in slimy green
                  | scales. (AC +2) [potion of mutation]
 60429 | Depths:4 | Lost mutation: You are weak. (Str -2) [potion of mutation]
 60429 | Depths:4 | Gained mutation: You are agile. (Dex +2) [potion of
                  | mutation]
 60613 | Depths:4 | Received a gift from Trog
 61026 | Depths:3 | Acquired 441 gold pieces
 61374 | Depths:3 | Identified the +10 scimitar of the Crushing Eel {vorpal,
                  | +Inv rF- Str+5 Int-2}
 61429 | Depths:3 | Identified the amulet of Xom's Sleight of Hands {Spirit
                  | +Fly rPois Int+5 Slay-4}
 61548 | Depths:3 | Found an iron altar of Okawaru.
 61565 | Depths:3 | Received a gift from Trog
 62028 | Depths:4 | Got a scorched broad axe {god gift}
 62029 | Depths:4 | Identified the +0 broad axe of the Well-Known Quests
                  | {vorpal, *Rage Str+6 SInv} (Trog gifted it to you on level
                  | 4 of the Depths)
 62371 | Depths:3 | Lost mutation: You tend to lose your temper in combat.
                  | [potion of mutation]
 62371 | Depths:3 | Lost mutation: Scrolls take you a little longer to read.
                  | [potion of mutation]
 62371 | Depths:3 | Gained mutation: You have sharp toenails. [potion of
                  | mutation]
 62371 | Depths:3 | Gained mutation: Your muscles are strong. (Str +2) [potion
                  | of mutation]
 62418 | Hell     | Killed Murray
 62418 | Hell     | Reached skill level 27 in Fighting
 62443 | Hell     | Killed Geryon
 62475 | Hell     | Received a gift from Trog
 62546 | Hell     | Found a gateway to the ashen valley of Gehenna.
 62594 | Hell     | Found a gateway to the decaying netherworld of Tartarus.
 62712 | Hell     | Found a gateway to the Iron City of Dis.
 62894 | Coc:1    | Entered Level 1 of Cocytus
 62912 | Coc:1    | Reached skill level 10 in Long Blades
 63698 | Coc:2    | Received a gift from Trog
 64661 | Coc:6    | Received a gift from Trog
 64830 | Coc:7    | Entered Level 7 of Cocytus
 65328 | Coc:6    | Received a gift from Trog
 65637 | Coc:1    | Reached skill level 15 in Long Blades
 65891 | Coc:4    | You are sucked into a shaft and drop 2 floors!
 65988 | Coc:7    | Received a gift from Trog
 66517 | Coc:5    | You are sucked into a shaft and drop 1 floor!
 66561 | Coc:7    | Noticed the Serpent of Hell
 66574 | Coc:7    | Killed the Serpent of Hell
 67388 | Coc:7    | Got a clouded platinum amulet
 67584 | Coc:7    | Noticed Antaeus
 67599 | Coc:7    | Killed Antaeus
 67611 | Coc:7    | Got an icy rune of Zot
 67770 | Coc:7    | Received a gift from Trog
 68133 | Hell     | Identified the amulet "Boijel" {rPois Regen+} (You found it
                  | on level 7 of Cocytus)
 68274 | Tar:1    | Entered Level 1 of Tartarus
 69206 | Tar:2    | Received a gift from Trog
 69683 | Tar:3    | You are sucked into a shaft and drop 2 floors!
 69864 | Tar:6    | You are sucked into a shaft and drop 1 floor!
 69864 | Tar:7    | Entered Level 7 of Tartarus
 69908 | Tar:7    | Noticed an ancient lich
 69918 | Tar:7    | Killed an ancient lich
 69918 | Tar:7    | Received a gift from Trog
 69933 | Tar:7    | Got a flickering turquoise ring
 69951 | Tar:7    | Cast into level 5 of the Abyss (unwielding a weapon of
                  | distortion)
 69951 | Abyss:5  | Entered Level 5 of the Abyss
 69961 | Abyss:5  | Gained mutation: Armour fits poorly on your strangely
                  | shaped body. [a neqoxec]
 69972 | Abyss:5  | Gained mutation: You are frail. (-10% HP) [a neqoxec]
 70064 | Abyss:5  | Got an abyssal rune of Zot
 70133 | Tar:7    | Escaped the Abyss
 70344 | Tar:7    | Received a gift from Trog
 70947 | Hell     | Lost mutation: You are frail. (-10% HP) [potion of
                  | mutation]
 70947 | Hell     | Lost mutation: You have sharp toenails. [potion of
                  | mutation]
 70947 | Hell     | Lost mutation: You are agile. (Dex +2) [potion of mutation]
 70947 | Hell     | Gained mutation: You are frail. (-10% HP) [potion of
                  | mutation]
 70947 | Hell     | Gained mutation: You possess an exceptional clarity of
                  | mind. [potion of mutation]
 70947 | Hell     | Gained mutation: You are partially covered in thin metallic
                  | scales. (AC +2) [potion of mutation]
 70948 | Hell     | Lost mutation: Armour fits poorly on your strangely shaped
                  | body. [potion of mutation]
 70948 | Hell     | Lost mutation: You possess an exceptional clarity of mind.
                  | [potion of mutation]
 70948 | Hell     | Gained mutation: Your muscles are very strong. (Str +4)
                  | [potion of mutation]
 70948 | Hell     | Gained mutation: You have sharp toenails. [potion of
                  | mutation]
 71715 | Elf:1    | Entered Level 1 of the Elven Halls
 72133 | Elf:1    | Found Ditoxuuh's Jewellery Emporium.
 72133 | Elf:1    | Found Zorhecamp's Gadget Shop.
 72134 | Elf:1    | Found Costrusemi's Gadget Shop.
 72256 | Elf:1    | Identified the ring "Ysatt" {Ice Str+4} (You found it on
                  | level 7 of Tartarus)
 72606 | Elf:2    | Received a gift from Trog
 72674 | Elf:2    | Found Xeujisoo's Assorted Antiques.
 72679 | Elf:2    | Found Qenulul's Antique Armour Shop.
 72901 | Elf:2    | Found a runed translucent gate.
 72902 | Elf:2    | Found a runed translucent gate.
 72903 | Elf:2    | Found a runed translucent gate.
 73331 | Elf:2    | Received a gift from Trog
 73475 | Elf:3    | Entered Level 3 of the Elven Halls
 74114 | Elf:3    | Received a gift from Trog
 74222 | Elf:3    | Identified the cursed +3 long sword "Hiploic" {vorpal,
                  | Fragile +Fly Str+4 Dex+2}
 74335 | Elf:3    | Found the +27 Lear's hauberk
 74348 | Elf:3    | Got a warped brass ring
 74359 | Elf:3    | Got a coiled jade ring
 74375 | Elf:3    | Got a vibrating lapis lazuli ring
 74417 | Elf:3    | Identified the ring of Ehyfuxke {+Fly Str-2 Slay+2 SInv}
                  | (You found it on level 3 of the Elven Halls)
 74419 | Elf:3    | Identified the ring of the Shining Light {rF+ EV+4 Str+4}
                  | (You found it on level 3 of the Elven Halls)
 74420 | Elf:3    | Identified the ring of Poqoab {rPois rF+ Str+5 SInv} (You
                  | found it on level 3 of the Elven Halls)
 74439 | Elf:3    | Identified the Grimoire of the Rocks and Curses
 74463 | Elf:3    | Got a transparent silver ring
 74476 | Elf:3    | Got a translucent turquoise ring
 74490 | Elf:3    | Identified the ring of Daffodils {Fire rN+ MR- Str+9 Dex+2}
                  | (You found it on level 3 of the Elven Halls)
 74492 | Elf:3    | Identified the ring "Ylongeeb" {Ice MR+ Str-3 Dex+5} (You
                  | found it on level 3 of the Elven Halls)
 76172 | Vaults:4 | You are sucked into a shaft and drop 1 floor!
 76878 | Crypt:1  | Entered Level 1 of the Crypt
 76907 | Crypt:1  | Received a gift from Trog
 77345 | Crypt:1  | Identified the cursed +2 war axe of Woat {drain, Fragile
                  | rPois rC+}
 77617 | Crypt:2  | Noticed Mennas
 77627 | Crypt:2  | Killed Mennas
 77657 | Crypt:2  | Noticed Jory
 77663 | Crypt:2  | Killed Jory
 77663 | Crypt:2  | Noticed Boris
 77669 | Crypt:2  | Killed Boris
 77992 | Crypt:2  | Received a gift from Trog
 78451 | Crypt:3  | Entered Level 3 of the Crypt
 78890 | Crypt:3  | Received a gift from Trog
 79670 | Crypt:3  | Received a gift from Trog
 79943 | Crypt:3  | Found a staircase to the Tomb.
 80305 | Tomb:1   | Entered Level 1 of the Tomb of the Ancients
 81044 | Tomb:1   | Noticed a greater mummy
 81053 | Tomb:1   | Killed a greater mummy
 81740 | Tomb:2   | Noticed a greater mummy
 81740 | Tomb:2   | Noticed a greater mummy
 81749 | Tomb:1   | Killed a greater mummy
 81861 | Tomb:2   | Noticed a greater mummy
 81861 | Tomb:2   | Noticed a greater mummy
 81879 | Tomb:1   | Noticed a greater mummy
 81883 | Tomb:1   | Noticed a greater mummy
 81886 | Tomb:1   | Killed a greater mummy
 81898 | Tomb:1   | Killed a greater mummy
 81900 | Tomb:1   | Noticed a greater mummy
 81909 | Tomb:1   | Killed a greater mummy
 81913 | Tomb:1   | Noticed a greater mummy
 81916 | Tomb:1   | Killed a greater mummy
 81916 | Tomb:1   | Reached skill level 10 in Dodging
 81927 | Tomb:1   | Noticed a greater mummy
 81931 | Tomb:1   | Noticed a greater mummy
 81934 | Tomb:1   | Killed a greater mummy
 81935 | Tomb:1   | Noticed a greater mummy
 81938 | Tomb:1   | Noticed a greater mummy
 81943 | Tomb:1   | Killed a greater mummy
 81949 | Tomb:1   | Killed a greater mummy
 81957 | Tomb:1   | Killed a greater mummy
 81957 | Tomb:1   | Received a gift from Trog
 81957 | Tomb:1   | Noticed a greater mummy
 81961 | Tomb:1   | Noticed a greater mummy
 81965 | Tomb:1   | HP: 8/179 [greater mummy/divine providence (16)]
 81969 | Tomb:1   | Killed a greater mummy
 81969 | Tomb:1   | Reached skill level 27 in Armour
 81977 | Tomb:1   | Killed a greater mummy
 81977 | Tomb:1   | Killed by a greater mummy's death curse

Illustrated notes

Levels and vault maps discovered:
D:1:      dpeg_arrival_water_fire, layout_basic, minmay_stone_trees_small,
          chequers_decorated_corner
D:2:      layout_rooms
D:3:      layout_basic, grunt_temple_overflow_open,
          nicolae_dithmenos_shadow_blocks, chequers_ecumenical_altar_simple
D:4:      kennysheep_spiral_hall, layout_basic, lemuel_round_altar, uniq_pikel
D:5:      layout_loops_ring, nicolae_overflow_crystal_walls,
          nicolae_overflow_hidden_temple, minmay_temple_entry_trees,
          lightli_sewer_entry_pipes, uniq_grinder
D:6:      layout_rooms, kennysheep_okawaru_gauntlet,
          chequers_temple_overflow_statue_of_worship
D:7:      layout_loops_corners, serial_shops, nicolae_shop_overgrown_old_shop
D:8:      layout_loops_ring, kennysheep_little_box, evilmike_ruin_ashenzari,
          uniq_psyche, uniq_maggie, uniq_grum, uniq_joseph
D:9:      minmay_evil_eye, layout_loops_ring, marbit_many_paths, orc_0_dummy
D:10:     layout_long_grid, lair_entry_dummy, special_room [special_room_orc],
          minmay_between, uniq_nergalle, uniq_erolcha, uniq_maurice
D:11:     layout_cross, serial_column_ruins, column_ruins_open_small,
          column_ruins_columns_corner, column_ruins_grid_1,
          column_ruins_columns_straight, column_ruins_corridor_corner,
          ebering_dispersal_statue_hall, hangedman_pestilent_swarm,
          serial_bayou_lagoon_b
D:12:     layout_roguey [special_room_orc], lemuel_altar_in_water,
          uniq_gastronok, uniq_rupert
D:13:     erik_rubicon_a, layout_basic, grunt_vaults_entry_fortified
D:14:     nzn_motion_control, layout_gridville, fountainhead, serial_shops,
          bzr_entry_islet, uniq_louise
D:15:     grunt_enter_depths_snipers, layout_basic, serial_shops, shop,
          uniq_josephine
Lair:1:   layout_loops_ring, lemuel_fruit_tree
Lair:2:   layout_gridlike, elwin_shoals_entry_rooms, grunt_megastairs_1
Lair:3:   layout_loops_ring, minmay_swamp_entry_reptiles,
          portal_ice_cave_entry_pillars_1
Lair:4:   layout_cave_pods, serial_bayou_shore_b
Lair:5:   layout_roguey, nicolae_slime_entry_slimehenge,
          ebering_ghost_reflecting_pool, basic_altar
Lair:6:   evil_forest, layout_small_grid
Swamp:1:  layout_falls_marsh, nicolae_swamp_little_tower
Swamp:2:  layout_basic_swamp, evilmike_swamp_ruin_rubble_2, swamp_pool4,
          infiniplex_staircase_pool
Swamp:3:  layout_basic_swamp, ebering_ghost_xom, evilmike_swamp_ruin_rubble_1
Swamp:4:  swamp_basic_johnstein, layout_basic_swamp
Shoals:1: layout_shoals, gammafunk_ghost_grave, serial_shops,
          nicolae_shop_window_shopping, centaur_isle
Shoals:2: layout_shoals
Shoals:3: layout_shoals, nicolae_shoals_isolated_beach
Shoals:4: shoals_end_simple, layout_shoals
Orc:1:    layout_caves, guppyfry_library_mini, uniq_jorgrun
Orc:2:    st_orc_town, layout_caves, basic_altar
Elf:1:    eino_elf_arrival_sip, layout_gridlike, kennysheep_underground_church,
          st_stairs_13, laboratory, minmay_shop_grove, grunt_megastairs_4
Elf:2:    layout_onion_city, minmay_shop_star
Elf:3:    minmay_elf_hall_x, layout_loops_corners, hangedman_elf_disciples
Vaults:1: hangedman_vaults_river_flow, ontoclasm_vaults_claustrophobia,
          vaults_dpeg_doors, ontoclasm_vaults_ligature, v_pattern_2, v_misc_30,
          v_misc_22, grunt_vaults_funnel, nicolae_vaults_yaktaur_gun_rack,
          grunt_vaults_hallway_short, st_more_cells, nicolae_vaults_asterisk,
          layout_vaults_big_cross
Vaults:2: v_rooms_5, vaults_mumra_chevron, nicolae_vaults_stairing_the_circle,
          v_misc_24, nicolae_vaults_gold_heap, nicolae_vaults_alarming,
          vaults_dpeg_hooks, nicolae_vaults_rhombus_6,
          minmay_crypt_entry_simple_walls, nicolae_vaults_bisected_slash,
          layout_vaults_big_room
Vaults:3: v_misc_27, vaults_dpeg_ring, hangedman_vaults_capsules,
          v_alt_pattern_6, ontoclasm_vaults_loading_screen,
          nicolae_vaults_asterisk, vaults_room_corners,
          nicolae_vaults_little_ls, layout_vaults_omnigrid, basic_altar,
          uniq_xtahua, uniq_sojobo
Vaults:4: vaults_mumra_minichess_inversion, st_star, ontoclasm_vaults_tryst,
          nicolae_vaults_border_crossing, vaults_room_fours, vaults_room_grid,
          vaults_room_corners, vaults_room_pools, v_alt_pattern_3,
          nicolae_vaults_big_ls, layout_vaults_omnibox, basic_altar,
          serial_shops, nicolae_shop_stone, uniq_frederick, uniq_boris
Vaults:5: uniq_saint_roka
Crypt:1:  layout_misc_corridors
Crypt:2:  layout_gridlike, uniq_mennas, uniq_jory
Crypt:3:  due_elkab, layout_chaotic_city, nicolae_tomb_entry_rubble_hallway,
          skrybe_necro_troll_2
Tomb:1
Tomb:2
Depths:1: layout_gridville, hellmouth_1, glass_columns_c,
          chequers_serial_rivers_room_b, minmay_misc_feat_tower,
          lemuel_nasty_fountain, grunt_megastairs_3, serial_bayou_shore_b,
          uniq_nikola
Depths:2: hangedman_crystal_crosses_colossus [crystal_crosses_arms_four,
          crystal_crosses_arms_two, crystal_crosses_arms_one,
          crystal_crosses_arms_one], hell_entry, serial_shops
Depths:3: minmay_the_grid_octo_tiled_octocenter [minmay_the_grid_octo_focus,
          minmay_the_grid_octo_empty, minmay_the_grid_octo_fat_diamond,
          minmay_the_grid_octo_shrine, minmay_the_grid_octo_prize_star,
          minmay_the_grid_square_5x5_plus, minmay_the_grid_square_5x5_longway,
          minmay_the_grid_square_5x5_detours,
          minmay_the_grid_square_5x5_shrine1], layout_cave_shapes,
          rand_demon_pan_entry_4, abyss_entry, nrook_pool_corridor, hell_entry,
          fake_guardian_serpent_vault, infiniplex_staircase_pool_1
Depths:4: grunt_deathspiral_large, layout_gridlike, hangedman_coc_ice_floe,
          grunt_decor_fettered, hangedman_abyss_entry_splay
Depths:5: evilmike_zot_entry_hall, layout_cave_pools, ziggurat_fallback,
          pf_hell_entry_great_geh, rand_demon_pan_entry_8, minmay_door_square,
          serial_column_ruins, column_ruins_hut_ruined, column_ruins_hut_ruined,
          column_ruins_open_small, column_ruins_corridor_water,
          column_ruins_open_tiny, column_ruins_corridor_plus,
          column_ruins_open_small
Hell
Coc:1:    layout_ice_bergs
Coc:2:    layout_ice_bergs
Coc:3:    layout_cocytus_water_paths
Coc:4:    layout_ice_bergs
Coc:5:    layout_cocytus_delve
Coc:6:    layout_ice_bergs
Coc:7:    coc_dpeg
Tar:1:    layout_grid_maze
Tar:2:    layout_grid_maze
Tar:3:    layout_grid_maze
Tar:5:    layout_grid_maze
Tar:6:    layout_grid_maze
Tar:7:    tar_grunt_cathedral
Zot:1:    layout_cellular_growth, grunt_megastairs_5
Zot:2:    nicolae_zot_stationary_front, layout_gridlike, grunt_ministairs_11,
          lemuel_flame_loot_1
Zot:3:    layout_cathedral_of_symmetry
Zot:4:    layout_cellular_growth
Zot:5:    layout_basic, st_stairs_3

Skill      XL: |  1  2  3  4  5  6  7  8  9 10 11 12 13 14 15 16 17 18 19 20 21 22 23 24 25 26 27 |
---------------+----------------------------------------------------------------------------------+-----
Fighting       | 4 6 7 8 9 10 11 12 13 14 15 16 17 18 19 20 21 22 24 27 | 27.0
Dodging        | 2 3 4 5 6 7 8 10 | 10.6
Maces & Flails | 4 6 8 9 11 12 | 12.1
Armour         | 3 4 5 6 7 8 9 10 11 12 13 14 15 16 17 18 27 | 27.0
Stealth        | 1 2 3 4 5 |  5.2
Shields        | 2 4 5 6 7 10 | 10.1
Axes           | 4 9 11 13 15 17 18 19 20 22 23 24 25 26 27 | 27.0
Evocations     | 1 2 |  2.2
Unarmed Combat | 1 |  1.9
Long Blades    | 21 | 21.9

Action                   |  1- 3 |  4- 6 |  7- 9 | 10-12 | 13-15 | 16-18 | 19-21 | 22-24 | 25-27 || total
-------------------------+-------+-------+-------+-------+-------+-------+-------+-------+-------++-------
Melee: Mace              |   129 |   215 |       |       |       |       |       |       |       ||   344
       Whip              |       |       |   400 |   557 |       |       |       |       |       ||   957
       Battleaxe         |       |       |       |   251 |  1107 |  1048 |   203 |       |       ||  2609
       Executioner's axe |       |       |       |       |       |       |   561 |  1007 |  1464 ||  3032
       Unarmed           |       |       |       |       |       |       |       |       |   102 ||   102
       Great sword       |       |       |       |       |       |       |       |       |  1981 ||  1981
       Punch             |       |       |       |       |       |       |       |       |     3 ||     3
Invok: Berserk           |     3 |     8 |     6 |    15 |    23 |    20 |     9 |     8 |    24 ||   116
       Trog's Hand       |       |     1 |       |       |       |       |       |       |     1 ||     2
       Brothers in Arms  |       |       |       |     2 |     1 |     1 |       |     1 |     1 ||     6
 Abil: Fly               |       |       |       |       |     1 |       |       |       |       ||     1
Evoke: Wand              |       |       |     3 |     2 |     3 |    10 |       |       |     1 ||    19
       Condenser vane    |       |       |       |       |     2 |       |       |     1 |     2 ||     5
       Tin of tremorston |       |       |       |       |       |       |       |     1 |     3 ||     4
       Horn of Geryon    |       |       |       |       |       |       |       |       |     1 ||     1
  Use: Scroll            |       |     4 |     7 |     3 |    17 |     6 |    18 |    11 |    41 ||   107
       Potion            |       |     1 |       |     2 |     1 |     3 |     1 |       |    24 ||    32
 Stab: Confused          |       |       |       |       |     3 |       |       |       |       ||     3
       Distracted        |       |       |       |       |       |     1 |       |       |     2 ||     3
       Invisible         |       |       |       |       |       |    16 |       |       |       ||    16
       Petrifying        |       |       |       |       |       |       |       |     1 |       ||     1
Armor: Animal skin       |    80 |    14 |       |       |       |       |       |       |       ||    94
       Ring mail         |       |    28 |       |       |       |       |       |       |       ||    28
       Scale mail        |       |    56 |   145 |   311 |    18 |       |       |       |       ||   530
       Skin              |       |     1 |       |       |       |       |       |     1 |       ||     2
       Plate armour      |       |       |       |       |   830 |  1129 |   667 |   812 |  3661 ||  7099
Dodge: Dodged            |   162 |   143 |   275 |   543 |   817 |   883 |   466 |   493 |  2523 ||  6305
Block: Buckler           |       |       |    56 |    86 |       |       |       |       |       ||   142
       Other             |       |       |       |    30 |   243 |   264 |    56 |       |       ||   593
       Reflection        |       |       |       |     4 |     1 |    15 |     7 |       |       ||    27
       Rpst.: Great sword |       |       |       |       |       |       |       |       |   324 ||   324

Table legend: (Time is in decaauts)
 A = Elapsed time spent in this place.
 B = Non-inter-level travel time spent in this place.
 C = Inter-level travel time spent in this place.
 D = Time resting spent in this place.
 E = Time spent auto-exploring this place.
 F = Levels seen in this place.
 G = Mean time per level.
                   A        B        C        D        E       F      G
               +--------+--------+--------+--------+--------+-----+--------+
         Total |  81649 |  80529 |   1120 |  19151 |  33310 |  73 | 1118.5 |
       Dungeon |  18025 |  17877 |    148 |   3448 |   8768 |  15 | 1201.7 |
          Lair |   8845 |   8564 |    281 |   2519 |   3835 |   6 | 1474.2 |
         Swamp |   4376 |   4365 |     11 |   1729 |   1602 |   4 | 1094.0 |
        Shoals |   6239 |   6239 |      0 |   2059 |   2869 |   4 | 1559.8 |
  Orcish Mines |   3419 |   3419 |      0 |   1366 |    758 |   2 | 1709.5 |
   Elven Halls |   2960 |   2846 |    114 |      0 |   1891 |   3 |  986.7 |
        Vaults |  10545 |  10516 |     29 |   1933 |   4267 |   5 | 2109.0 |
         Crypt |   3312 |   3241 |     71 |    185 |   1818 |   3 | 1104.0 |
          Tomb |   1631 |   1631 |      0 |    473 |      0 |   2 |  815.5 |
        Depths |   6308 |   6020 |    288 |    738 |   3211 |   5 | 1261.6 |
          Hell |   2234 |   2234 |      0 |   1437 |    185 |   1 | 2234.0 |
       Cocytus |   4416 |   4416 |      0 |   1173 |    512 |   7 |  630.9 |
      Tartarus |   1798 |   1798 |      0 |    331 |      0 |   6 |  299.7 |
           Zot |   5847 |   5669 |    178 |    977 |   3283 |   5 | 1169.4 |
         Abyss |    245 |    245 |      0 |     22 |     14 |   2 |  122.5 |
        Bazaar |     48 |     48 |      0 |      0 |     42 |   1 |   48.0 |
         Sewer |    237 |    237 |      0 |     62 |    101 |   1 |  237.0 |
      Ice Cave |   1158 |   1158 |      0 |    692 |    152 |   1 | 1158.0 |
               +--------+--------+--------+--------+--------+-----+--------+

Top non-repeatable levels by time:
  Lair:6: 2975 daAuts
Vaults:5: 2337 daAuts
Vaults:4: 2295 daAuts
    Hell: 2234 daAuts
Vaults:2: 2091 daAuts
Vaults:3: 2011 daAuts
   Orc:2: 1911 daAuts
   Zot:5: 1894 daAuts
     D:9: 1832 daAuts
Vaults:1: 1810 daAuts
 Crypt:3: 1791 daAuts
 Swamp:4: 1698 daAuts
    D:13: 1670 daAuts
Shoals:2: 1644 daAuts
Shoals:3: 1622 daAuts
